 Dungeon Sprint DCSS version 0.20-a0-809-gaf7f668 (webtiles) character file.

7412640 esc the Heavyweight Champion (level 23, 284/284 HPs)
             Began as a Troll Monk on Feb 28, 2017.
             Was the Champion of Wu Jian.
             Escaped with the Orb
             ... and 3 runes on Mar 3, 2017!
             The game lasted 01:31:42 (8410 turns).

esc the Heavyweight Champion (Troll Monk)           Turns: 8410, Time: 01:31:43

Health: 284/284    AC: 51    Str: 32    XL:     23   Next: 14%
Magic:  45/45      EV: 25    Int:  7    God:    Wu Jian [******]
Gold:   305        SH: 29    Dex: 19    Spells: 58/60 levels left

rFire    + + +     SeeInvis .     - Unarmed
rCold    + + +     Gourm    +   I - +11 gold dragon scales
rNeg     + + +     Faith    .   a - +0 large shield {reflect}
rPois    +         Spirit   +   (helmet restricted)
rElec    +         Reflect  +   G - +3 cloak "Ranne" {rC+}
rCorr    .         Harm     .   (gloves unavailable)
MR       +....     NoTele   +   (boots unavailable)
Stlth    ..........             D - amulet "Neruh" {Spirit *Drain rF++ Int+4 Dex+2}
Regen    1.0/turn               x - ring "Omaaperr" {-Tele rElec rN+++ EV+3 Dex+3}
MPRegen  0.3/turn               h - ring of the Crown {rC+ rN+ AC+6 Int-3 Dex+2}

@: no status effects
A: unfitting armour, claws 3, fast metabolism 3, gourmand, regeneration 1,
shaggy fur 1, tough skin 2, subdued magic 2
0: Orb of Zot
}: 3/15 runes: silver, golden, iron
a: Serpent's Lash, Heaven On Earth, Renounce Religion


You escaped.
You worshipped Wu Jian.
Wu Jian was exalted by your worship.
You were completely stuffed.

You visited 1 branch You collected 305 gold pieces.

Inventory:

Hand Weapons
 Q - the +4 staff of Dispater
   (You took it off Dispater in the Dungeon)
Missiles
 q - 123 stones (quivered)
 r - 3 throwing nets {=f, !d}
 B - 41 large rocks {!d}
Armour
 a - a +0 large shield of reflection (worn)
   (You took it off a daeva in the Dungeon)
 G - the +3 cloak "Ranne" (worn) {rC+}
   (You found it in the Dungeon)

   It protects you from cold.
 I - +11 gold dragon scales (worn)
   (You found it in the Dungeon)
Jewellery
 h - the ring of the Crown (left claw) {rC+ rN+ AC+6 Int-3 Dex+2}
   (You found it in the Dungeon)

   [ring of protection]

   It affects your AC (+6).
   It affects your intelligence (-3).
   It affects your dexterity (+2).
   It protects you from cold.
   It protects you from negative energy.
 x - the ring "Omaaperr" (right claw) {-Tele rElec rN+++ EV+3 Dex+3}
   (You found it in the Dungeon)

   [ring of evasion]

   It affects your evasion (+3).
   It affects your dexterity (+3).
   It insulates you from electricity.
   It renders you almost immune to negative energy.
   It prevents most forms of teleportation.
 D - the amulet "Neruh" (around neck) {Spirit *Drain rF++ Int+4 Dex+2}
   (You found it in the Dungeon)

   [amulet of guardian spirit]

   It causes incoming damage to be split between your health and magic.
   It affects your intelligence (+4).
   It affects your dexterity (+2).
   It greatly protects you from fire.
   It causes draining when unequipped.
Wands
 N - a wand of iceblast (10/15)
   (You found it in the Dungeon)
Scrolls
 k - 7 scrolls of remove curse
 l - 6 scrolls of amnesia
 m - a scroll of summoning
 p - 2 scrolls of vulnerability {!r!r}
 s - a scroll of enchant armour
 v - a scroll of fog
 w - a scroll of enchant weapon
 y - 6 scrolls of recharging
 z - 4 scrolls of identify
 A - 2 scrolls of fear
 C - 2 scrolls of magic mapping {!r}
 R - 2 scrolls of blinking {!r}
Potions
 c - 11 potions of curing
 e - 5 potions of haste
 f - 4 potions of magic
 g - 8 potions of berserk rage {!q}
 i - 3 potions of invisibility
 t - 23 potions of heal wounds
 u - a potion of resistance
 F - 4 potions of mutation {!q}
 H - a potion of ambrosia
 L - a potion of agility
 O - 2 potions of flight
 P - 3 potions of brilliance
Miscellaneous
 j - a phial of floods
   (You found it in the Dungeon)
 E - a phantom mirror
 J - 4 boxes of beasts
 M - the horn of Geryon
   (You took it off Geryon in the Dungeon)
Comestibles
 b - 9 bread rations {@e1}
 n - 43 fruits
 o - 8 meat rations {@e2}
 K - 5 royal jellies


   Skills:
 O Level 27 Fighting
 + Level 25.8 Throwing
 O Level 27 Armour
 O Level 27 Dodging
 - Level 1.0 Stealth
 O Level 27 Shields
 O Level 27 Unarmed Combat
 + Level 19.1 Spellcasting
   Level 10.9 Conjurations
 + Level 14.2 Charms
 + Level 14.3 Air Magic
 + Level 22.5 Evocations


You had 58 spell levels left.
You knew the following spells:

 Your Spells              Type           Power        Failure   Level  Hunger
s - Swiftness             Chrm/Air       ###.....     1%          2    None


Dungeon Overview and Level Annotations

Branches:
Dungeon (1/1)

Altars:
Ashenzari
Cheibriados
Dithmenos
Elyvilon
Fedhas
Gozag
Hepliaklqana
Kikubaaqudgha
Makhleb
Nemelex Xobeh
Okawaru
Qazlal
Ru
Sif Muna
Trog
Uskayaw
Vehumet
Wu Jian
Xom
Yredelemnul
Zin
The Shining One
Beogh
Jiyva
Lugonu


Innate Abilities, Weirdness & Mutations

You are too large for most types of armour.
You have claws for hands.
Your metabolism is lightning-fast.
You like to eat raw meat.
Your natural rate of healing is unusually fast.
You are covered in fur. (AC +1)
You have very tough skin. (AC +2)
Your spells are easier to cast, but less powerful.


Message History

There is a staircase leading out of the dungeon here.
There is an open door here.
There is an open door here.
There is an open door here.
Things that are here:
a demon trident of electrocution; a chain mail
There is an open door, spattered with blood here.
There is an open door, spattered with blood here.
There is an open door, spattered with blood here.
Items here: ( ) [[ a longbow; a leather armour; +0 storm dragon scales; 3 arrows
There is an open door, spattered with blood here.
Things that are here:
a short sword; a cloak
There is an open door here.
Things that are here:
an arbalest; 16 bolts
Things that are here:
an arbalest; 22 bolts
Things that are here:
a longbow; a leather armour; 33 arrows
There is an open door here.
You see here 2 arrows.
There is an open door here.
You see here a bolt.
There is an open door here.
There is an open door here.
There is an open door here.
There is a large open door to the Iron Vault (Extremely Hard) here.
There is a large open door to the Iron Vault (Extremely Hard) here.
There is an open door, spattered with blood here.
There is an open door here.
There is an open door here.
There is an open door here.
There is an open door here.
There is an open door, spattered with blood here.
There is a large open door to the Hallway of Sentries (Extremely Hard) here.
There is a large open door to the Hallway of Sentries (Extremely Hard), spattered with blood here.
Things that are here:
a chain mail; a war axe
Things that are here:
a plate armour; a great sword
Things that are here:
a chain mail; a great sword of holy wrath
There is a huge open gate to the Main Hall (Safe) here.
There is a huge open gate leading to the Armoury (Hard) here.
Things that are here:
a demon trident of pain; a chain mail; a large shield
There is a huge open gate to the Vestibule (Extremely Hard) here.
There is a huge open gate to the Vestibule (Extremely Hard) here.
Things that are here:
a dagger; a cloak
Things that are here:
a rapier; a cloak
There is a huge open gate to the Final Vault (Nightmare!) here.
Things that are here:
a rapier of electrocution; a runed cloak; a pair of gloves
There is a huge open gate to the Final Vault (Nightmare!) here.
Things that are here:
a whip of holy wrath; a robe; +2 fire dragon scales {Xtahua} You see here a short sword.
Things that are here:
a great sword of draining; a cloak
Things that are here:
a long sword; a cloak; a runed shield You see here the Orb of Zot.
You eat one of the 10 bread rations {@e1}.
That bread ration really hit the spot!
You pick up the Orb of Zot!
The Orb lets out a hideous shriek!
The lords of Pandemonium are not amused.
Beware!
Now all you have to do is get back out of the dungeon!
Things that are here:
a great sword of draining; a cloak You see here a short sword.
Things that are here:
a whip of holy wrath; a robe; +2 fire dragon scales {Xtahua} You see here an enchanted trident.
There is a huge open gate to the Final Vault (Nightmare!) here.
There is a huge open gate to the Final Vault (Nightmare!) here.
Things that are here:
a rapier of electrocution; a runed cloak; a pair of gloves You see here a +0 troll leather armour {regen}.
You see here a +0 troll leather armour {regen}.
A sixfirhy comes into view.
There is a huge open gate to the Vestibule (Extremely Hard) here.
You block the sixfirhy's attack.
There is a huge open gate to the Vestibule (Extremely Hard) here.
You block the sixfirhy's attack.
You lunge at the sixfirhy in a flurry of attacks!
You eviscerate the sixfirhy!!!!
You kill the sixfirhy!
The Council accepts your kill.
An ice devil comes into view.
There is a huge open gate to the Crystal Vault (Extremely Hard), spattered with blood here.
There is a huge open gate to the Crystal Vault (Extremely Hard) here.
There is a large open door here.
There is a large open door here.
There is a large open door here.
There is a staircase leading out of the dungeon here.
You have escaped!

..##.................##.#..)'((.#
..##.................###)#.###.##
####.................###.###)###.
..###..........)....###...')))'(.
..# ###...........### ##.###.###.
..# ##''######### ### ### ##
########''#######################
..##..........##<<'.['..'<<'..'.)
[.##..........##@<'.)'..'<<'..'.)
..))..#....#..##''#')#''#''#''#')
..'))....)....##..'..').'..)..'<<
####[.........##..'(.)..'..[..'<<
####))#....#..##''#''#''#''#''#')
..''..........##4.'..'..'..'..'.)
..''..........##..'.['..'..)..'[.
..##..#....#..##''#)'#''#''#''#''
..##........).''..'..'.('..'<<'..


You could see an ice devil.

Vanquished Creatures
  Antaeus (D)
  5 pandemonium lords (D)
  Ereshkigal (D)
  the Serpent of Hell (D)
  Dispater (D)
  An orb of fire (D)
  Khufu (D)
  Mennas (D)
  Mara (D)
  5 ancient liches (D)
  5 greater mummies (D)
  Boris (D)
  the Lernaean hydra (D)
  Frederick (D)
  A Killer Klown (D)
  A curse toe (D)
  Geryon (D)
  Xtahua (D)
  Nikola (D)
  16 golden dragons (D)
  Jory (D)
  A profane servitor (D)
  2 bone dragons (D)
  4 pearl dragons (D)
  2 Brimstone Fiends (D)
  4 Tzitzimimeh (D)
  4 electric golems (D)
  3 Hell Sentinels (D)
  2 hellephants (D)
  2 tentacled monstrosities (D)
  3 liches (D)
  5 Ice Fiends (D)
  26 Orb Guardians (D)
  A deep elf blademaster (D)
  11 quicksilver dragons (D)
  5 titans (D)
  Murray (D)
  An acid blob (D)
  2 deep elf master archers (D)
  3 Executioners (D)
  2 sphinxes (D)
  2 death cobs (D)
  A draconian monk (D)
  5 nagarajas (D)
  Kirke (D)
  12 shadow dragons (D)
  8 storm dragons (D)
  An azure jelly (D)
  A fire giant (D)
  3 draconian knights (D)
  5 frost giants (D)
  2 iron dragons (D)
  Louise (D)
  A daeva (D)
  An emperor scorpion (D)
  2 deep elf sorcerers (D)
  3 cacodemons (D)
  3 ghost moths (D)
  2 balrugs (D)
  2 orc warlords (D)
  A draconian scorcher (D)
  A ghost moth (shapeshifter) (D)
  3 draconian stormcallers (D)
  A reaper (D)
  An angel (D)
  2 war gargoyles (D)
  An ophan (D)
  A draconian annihilator (D)
  3 green draconians (D)
  3 stone giants (D)
  A black draconian (D)
  4 deep elf demonologists (D)
  2 purple draconians (D)
  4 deep elf annihilators (D)
  2 red draconians (D)
  A dire elephant (D)
  A white draconian (D)
  A yellow draconian (D)
  4 ettins (D)
  2 merfolk impalers (D)
  A green death (D)
  3 blizzard demons (D)
  A death ooze (D)
  A minotaur (D)
  2 mummy priests (D)
  A yaktaur captain (D)
  14 fire dragons (D)
  A great orb of eyes (D)
  2 naga warriors (D)
  2 deep elf high priests (D)
  2 merfolk avatars (D)
  3 vault guards (D)
  6 hydras (D)
  17 ice dragons (D)
  2 catoblepae (D)
  2 hell beasts (D)
  3 death knights (D)
  3 alligator snapping turtles (D)
  A centaur warrior (D)
  2 anacondas (D)
  11 two-headed ogres (D)
  A two-headed ogre (shapeshifter) (D)
  A death yak (D)
  A deep troll shaman (D)
  4 ogre magi (D)
  3 dancing weapons (D)
  2 alligators (D)
  3 vampire magi (D)
  3 hell hogs (D)
  2 spriggan berserkers (D)
  5 deep elf knights (D)
  2 soul eaters (D)
  A shadow wraith (D)
  3 sun demons (D)
  8 iron trolls (D)
  9 deep trolls (D)
  A sixfirhy (D)
  3 skeletal warriors (D)
  A death drake (D)
  2 spriggan druids (D)
  10 swamp dragons (D)
  2 wizards (D)
  3 cherubim (D)
  11 orc knights (D)
  7 cyclopes (D)
  A wolf spider (D)
  A manticore (D)
  A deep elf mage (D)
  A black mamba (D)
  A smoke demon (D)
  An eye of devastation (D)
  An orange demon (D)
  3 molten gargoyles (D)
  A hellion (D)
  A gargoyle (D)
  2 komodo dragons (D)
  2 ice devils (D)
  A freezing wraith (D)
  7 yaktaurs (D)
  2 efreet (D)
  A rime drake (D)
  5 merfolk (D)
  A tormentor (D)
  A red devil (D)
  A guardian mummy (D)
  A jumping spider (D)
  A polar bear (D)
  9 trolls (D)
  A tyrant leech (D)
  2 hornets (D)
  11 dream sheep (D)
  4 slime creatures (D)
  A flying skull (D)
  A bog body (D)
  A shadow (D)
  2 redbacks (D)
  A tarantella (D)
  2 spriggans (D)
  2 vampires (D)
  A wraith (D)
  A ynoxinul (D)
  A fire elemental (D)
  7 yaks (D)
  A golden eye (D)
  Grum (D)
  2 wargs (D)
  4 floating eyes (D)
  A sky beast (D)
  An orc warrior (D)
  2 eyes of draining (D)
  A necrophage (D)
  A black bear (D)
  A phantom (D)
  9 ogres (D)
  A centaur (D)
  A crocodile (D)
  A big kobold (D)
  A gnoll sergeant (D)
  5 wights (D)
  A quasit (D)
  2 gnoll shamans (D)
  A hell rat (D)
  2 mummies (D)
  10 gnolls (D)
  3 river rats (D)
  2 adders (D)
  A white imp (D)
  2 ufetubi (D)
  An ooze (D)
  An adder skeleton (D)
  A worm (D)
  An adder simulacrum (D)
  3 orcs (D)
  A giant cockroach (D)
  3 goblins (D)
  A bat simulacrum (D)
  A frilled lizard (D)
  A giant cockroach zombie (D)
  A jackal zombie (D)
  A kobold (D)
  2 quokka skeletons (D)
  2 rats (D)
556 creatures vanquished.

Vanquished Creatures (others)
  A deep elf master archer (D)
  A pandemonium lord (D)
  A wind drake (D)
  A redback (D)
  5 humans (D)
9 creatures vanquished.

Grand Total: 565 creatures vanquished

Notes
Turn   | Place    | Note
-------+----------+-------------------------------------------
     0 | D        | esc the Troll Monk began the quest for the Orb.
     0 | D        | Reached XP level 1. HP: 22/22 MP: 0/0
    15 | D        | Reached skill level 3 in Fighting
    15 | D        | Reached skill level 3 in Dodging
    15 | D        | Reached XP level 2. HP: 25/31 MP: 1/1
    43 | D        | Found a glowing golden altar of the Shining One.
    43 | D        | Found a glowing silver altar of Zin.
    43 | D        | Found a basalt altar of Yredelemnul.
    43 | D        | Found a shimmering altar of Xom.
    43 | D        | Found an ornate altar of the Wu Jian Council.
    43 | D        | Found a bloodstained altar of Trog.
    43 | D        | Found a deep blue altar of Sif Muna.
    43 | D        | Found a sacrificial altar of Ru.
    43 | D        | Found a stormy altar of Qazlal.
    43 | D        | Found an iron altar of Okawaru.
    43 | D        | Found a sparkling altar of Nemelex Xobeh.
    43 | D        | Found a burning altar of Makhleb.
    43 | D        | Found a viscous altar of Jiyva.
    43 | D        | Found a hazy altar of Hepliaklqana.
    43 | D        | Found an opulent altar of Gozag.
    43 | D        | Found a blossoming altar of Fedhas.
    43 | D        | Found a white marble altar of Elyvilon.
    43 | D        | Found a shadowy altar of Dithmenos.
    43 | D        | Found a snail-covered altar of Cheibriados.
    44 | D        | Found a radiant altar of Vehumet.
    44 | D        | Found a corrupted altar of Lugonu.
    44 | D        | Found a roughly hewn altar of Beogh.
    45 | D        | Found a hide-covered altar of Uskayaw.
    45 | D        | Found an ancient bone altar of Kikubaaqudgha.
    45 | D        | Found a shattered altar of Ashenzari.
    51 | D        | Became a worshipper of the Wu Jian Council
    51 | D        | Reached * piety under Wu Jian
    51 | D        | Reached ** piety under Wu Jian
    68 | D        | Reached skill level 4 in Unarmed Combat
    75 | D        | Noticed a floating eye
    79 | D        | Paralysed by a floating eye for 4 turns
    84 | D        | Killed a floating eye
    84 | D        | Reached *** piety under Wu Jian
    84 | D        | Reached skill level 5 in Fighting
    84 | D        | Reached skill level 5 in Dodging
    84 | D        | Reached skill level 6 in Unarmed Combat
    84 | D        | Reached XP level 3. HP: 42/42 MP: 2/2
    84 | D        | Reached XP level 4. HP: 50/50 MP: 3/3
   146 | D        | Noticed a flying skull
   159 | D        | Reached **** piety under Wu Jian
   159 | D        | Reached XP level 5. HP: 55/59 MP: 4/4
   199 | D        | Killed a flying skull
   199 | D        | Reached skill level 7 in Fighting
   199 | D        | Reached skill level 7 in Dodging
   199 | D        | Reached skill level 8 in Unarmed Combat
   199 | D        | Reached XP level 6. HP: 22/71 MP: 5/5
   203 | D        | Reached ***** piety under Wu Jian
   309 | D        | Noticed a hornet
   311 | D        | Killed a hornet
   311 | D        | Reached skill level 9 in Unarmed Combat
   311 | D        | Reached XP level 7. HP: 79/79 MP: 6/6
   322 | D        | Reached skill level 8 in Fighting
   322 | D        | Reached skill level 8 in Dodging
   328 | D        | Reached skill level 10 in Unarmed Combat
   341 | D        | Noticed a dream sheep
   341 | D        | Noticed a dream sheep
   341 | D        | Noticed a dream sheep
   341 | D        | Noticed a dream sheep
   342 | D        | Noticed a dream sheep
   342 | D        | Noticed a molten gargoyle
   345 | D        | Killed a dream sheep
   348 | D        | Reached skill level 9 in Fighting
   348 | D        | Reached skill level 9 in Dodging
   348 | D        | Reached XP level 8. HP: 65/92 MP: 7/7
   348 | D        | Killed a dream sheep
   349 | D        | HP: 22/92 [molten gargoyle/bolt of magma (17)]
   350 | D        | Killed a dream sheep
   350 | D        | Reached ****** piety under Wu Jian
   350 | D        | Reached skill level 11 in Unarmed Combat
   355 | D        | HP: 15/92 [molten gargoyle/mace (10)]
   359 | D        | Killed a molten gargoyle
   360 | D        | Killed a dream sheep
   360 | D        | Reached skill level 10 in Fighting
   360 | D        | Reached skill level 10 in Dodging
   361 | D        | Killed a dream sheep
   361 | D        | Reached skill level 12 in Unarmed Combat
   361 | D        | Reached XP level 9. HP: 46/101 MP: 8/8
   539 | D        | Noticed a death yak
   551 | D        | Killed a death yak
   586 | D        | Noticed an alligator
   586 | D        | Noticed an alligator
   586 | D        | Noticed an emperor scorpion
   590 | D        | Killed an alligator
   590 | D        | Reached skill level 11 in Fighting
   590 | D        | Reached skill level 11 in Dodging
   590 | D        | Reached skill level 13 in Unarmed Combat
   590 | D        | Killed an alligator
   590 | D        | Reached XP level 10. HP: 80/114 MP: 9/9
   593 | D        | Noticed a minotaur
   595 | D        | Killed an emperor scorpion
   595 | D        | Reached skill level 12 in Fighting
   595 | D        | Reached skill level 12 in Dodging
   595 | D        | Reached skill level 14 in Unarmed Combat
   599 | D        | Killed a minotaur
   620 | D        | Noticed an orange demon
   620 | D        | Noticed a manticore
   622 | D        | Killed a manticore
   625 | D        | Killed an orange demon
   625 | D        | Reached skill level 13 in Fighting
   625 | D        | Reached skill level 13 in Dodging
   625 | D        | Reached skill level 15 in Unarmed Combat
   647 | D        | Reached XP level 11. HP: 91/127 MP: 10/10
   747 | D        | Noticed an eight-headed hydra
   756 | D        | Killed a ten-headed hydra
   813 | D        | Noticed an orc knight
   818 | D        | Noticed an anaconda
   818 | D        | Reached skill level 16 in Unarmed Combat
   821 | D        | Killed an anaconda
   825 | D        | Reached skill level 14 in Fighting
   828 | D        | Killed an orc knight
   828 | D        | Reached skill level 14 in Dodging
  1203 | D        | Reached skill level 1 in Armour
  1229 | D        | Noticed a deep elf mage
  1233 | D        | Killed a deep elf mage
  1233 | D        | Reached skill level 1 in Shields
  1288 | D        | Reached skill level 2 in Armour
  1300 | D        | Reached skill level 2 in Shields
  1524 | D        | Reached skill level 17 in Unarmed Combat
  1524 | D        | Reached XP level 12. HP: 140/140 MP: 11/11
  1525 | D        | Reached skill level 3 in Shields
  1526 | D        | Reached skill level 3 in Armour
  1727 | D        | Noticed an orc warlord
  1734 | D        | Noticed a catoblepas
  1737 | D        | Killed an orc warlord
  1737 | D        | Reached skill level 4 in Shields
  1741 | D        | Killed a catoblepas
  1741 | D        | Reached skill level 4 in Armour
  1896 | D        | Reached skill level 15 in Fighting
  1896 | D        | Reached skill level 15 in Dodging
  1904 | D        | Noticed a catoblepas
  1917 | D        | Reached skill level 5 in Shields
  1951 | D        | Reached skill level 5 in Armour
  1962 | D        | HP: 18/141 [something/shard of ice (31)]
  2121 | D        | Noticed an orc warlord
  2144 | D        | Killed an orc warlord
  2144 | D        | Reached skill level 6 in Armour
  2144 | D        | Reached skill level 6 in Shields
  2249 | D        | Killed a catoblepas
  2250 | D        | Noticed a Killer Klown
  2251 | D        | Noticed a naga warrior
  2265 | D        | Killed a Killer Klown
  2265 | D        | Reached skill level 7 in Armour
  2265 | D        | Reached skill level 7 in Shields
  2265 | D        | Reached skill level 18 in Unarmed Combat
  2265 | D        | Reached XP level 13. HP: 152/152 MP: 12/12
  2398 | D        | Reached skill level 8 in Shields
  2404 | D        | Reached skill level 16 in Fighting
  2404 | D        | Reached skill level 8 in Armour
  2404 | D        | Reached skill level 16 in Dodging
  2409 | D        | Noticed a bone dragon
  2481 | D        | Killed a bone dragon
  2633 | D        | Got the +1 robe of Entitlement {rF+ MR++ Dex-2}
  2733 | D        | Upgraded the game from 0.20-a0-792-g09bcfd3 to 0.20-a0-795-ga03948b
  2808 | D        | Killed a ghost moth
  2808 | D        | Reached skill level 9 in Armour
  2808 | D        | Reached skill level 9 in Shields
  2808 | D        | Reached skill level 19 in Unarmed Combat
  2813 | D        | Noticed a mummy priest
  2833 | D        | Killed a mummy priest
  2837 | D        | HP: 38/154 [death knight/broad axe (11)]
  2910 | D        | Reached skill level 10 in Armour
  2910 | D        | Reached skill level 10 in Shields
  3209 | D        | Noticed a death cob
  3223 | D        | HP: 21/154 [alligator snapping turtle (23)]
  3223 | D        | HP: 5/154 [alligator snapping turtle (16)]
  3229 | D        | HP: 28/154 [death cob (10)]
  3231 | D        | Killed a death cob
  3231 | D        | Reached skill level 17 in Fighting
  3236 | D        | Reached XP level 14. HP: 60/166 MP: 13/13
  3405 | D        | Noticed Grum
  3405 | D        | Killed Grum
  3567 | D        | Noticed Jory
  3567 | D        | Noticed a cacodemon
  3574 | D        | Killed Jory
  3574 | D        | Reached skill level 11 in Armour
  3574 | D        | Reached skill level 11 in Shields
  3574 | D        | Reached skill level 20 in Unarmed Combat
  3575 | D        | Gained mutation: Your spells are a little easier to cast, but a little less powerful. [a cacodemon]
  3584 | D        | Killed a cacodemon
  3612 | D        | Identified Ciuju's Thorough Guide to Witchcraft (You found it in the Dungeon)
  3650 | D        | Noticed a titan
  3661 | D        | Killed a titan
  3741 | D        | Noticed a deep elf sorcerer
  3749 | D        | Killed a deep elf sorcerer
  3761 | D        | Reached skill level 12 in Armour
  3761 | D        | Reached skill level 12 in Shields
  3783 | D        | Upgraded the game from 0.20-a0-795-ga03948b to 0.20-a0-809-gaf7f668
  3799 | D        | Learned a level 2 spell: Swiftness
  3821 | D        | Noticed a death cob
  3821 | D        | Noticed Boris
  3830 | D        | Reached skill level 18 in Fighting
  3830 | D        | Killed a death cob
  3833 | D        | Noticed a ghost moth
  3837 | D        | Killed a ghost moth
  3837 | D        | Reached skill level 21 in Unarmed Combat
  3837 | D        | HP: 31/169 [fire dragon/blast of flame (13)]
  3840 | D        | Killed Boris
  3840 | D        | Reached skill level 13 in Armour
  3840 | D        | Reached skill level 13 in Shields
  3841 | D        | Noticed Kirke
  3845 | D        | Killed Kirke
  3847 | D        | Noticed a nagaraja
  3858 | D        | Reached XP level 15. HP: 53/178 MP: 2/14
  3866 | D        | Killed a nagaraja
  3873 | D        | Noticed a nagaraja
  3873 | D        | HP: 40/179 [merfolk/trident (7)]
  3876 | D        | Reached skill level 19 in Fighting
  3879 | D        | Noticed a Brimstone Fiend
  3880 | D        | Killed a Brimstone Fiend
  3880 | D        | Reached skill level 14 in Armour
  3880 | D        | Reached skill level 14 in Shields
  3880 | D        | Reached skill level 22 in Unarmed Combat
  3880 | D        | Killed a nagaraja
  3883 | D        | HP: 34/180 [alligator snapping turtle (12)]
  3890 | D        | Noticed a nagaraja
  3891 | D        | Killed a nagaraja
  3893 | D        | HP: 28/180 [balrug/bolt of fire (12)]
  3898 | D        | Noticed a shadow dragon
  3900 | D        | Killed a shadow dragon
  4098 | D        | Reached skill level 15 in Armour
  4105 | D        | Reached skill level 15 in Shields
  4139 | D        | Got the cursed +0 long sword "Vastef" {venom, rC+}
  4287 | D        | Reached skill level 20 in Fighting
  4292 | D        | Reached skill level 23 in Unarmed Combat
  4303 | D        | Noticed a titan
  4305 | D        | Killed a titan
  4305 | D        | Reached skill level 16 in Armour
  4328 | D        | Reached skill level 24 in Unarmed Combat
  4328 | D        | Reached XP level 16. HP: 179/195 MP: 15/15
  4328 | D        | Paralysed by an ogre mage for 5 turns
  4335 | D        | Reached skill level 21 in Fighting
  4338 | D        | Reached skill level 17 in Armour
  4371 | D        | Got a silver rune of Zot
  4490 | D        | Identified the Tome of Quantum Transmigration (You found it in the Dungeon)
  4621 | D        | Noticed a sphinx
  4638 | D        | Reached skill level 18 in Armour
  4638 | D        | Reached skill level 25 in Unarmed Combat
  4643 | D        | Noticed an Ice Fiend
  4658 | D        | Killed a sphinx
  4658 | D        | Reached skill level 22 in Fighting
  4659 | D        | Noticed an Executioner
  4667 | D        | Noticed an ancient lich
  4670 | D        | Noticed a black draconian monk
  4677 | D        | Killed an ancient lich
  4682 | D        | Killed a black draconian monk
  4718 | D        | Noticed a lich
  4730 | D        | Killed a lich
  4730 | D        | Reached skill level 19 in Armour
  4775 | D        | Reached skill level 26 in Unarmed Combat
  4798 | D        | Noticed an ancient lich
  4802 | D        | Killed an ancient lich
  4802 | D        | Reached skill level 23 in Fighting
  4814 | D        | Reached skill level 20 in Armour
  4814 | D        | Reached XP level 17. HP: 191/213 MP: 16/16
  4893 | D        | Got the ring "Omaaperr" {-Tele rElec rN+++ EV+3 Dex+3}
  4895 | D        | Got the ring of Muaboev {MP+9 Slay+5}
  4946 | D        | Got the ring of the Crown {rC+ rN+ AC+6 Int-3 Dex+2}
  4971 | D        | Got the amulet "Neruh" {Spirit *Drain rF++ Int+4 Dex+2}
  5147 | D        | Reached skill level 27 in Unarmed Combat
  5170 | D        | Noticed a bone dragon
  5173 | D        | Killed a bone dragon
  5180 | D        | Noticed Mennas
  5183 | D        | Killed Mennas
  5183 | D        | Reached skill level 24 in Fighting
  5216 | D        | Reached skill level 21 in Armour
  5264 | D        | Noticed a profane servitor
  5265 | D        | Gained mutation: Your spells are easier to cast, but less powerful. [a cacodemon]
  5270 | D        | Killed a profane servitor
  5270 | D        | Reached skill level 17 in Dodging
  5293 | D        | Noticed a Tzitzimitl
  5296 | D        | Killed a Tzitzimitl
  5420 | D        | Reached skill level 22 in Armour
  5421 | D        | Reached skill level 25 in Fighting
  5501 | D        | Noticed a deep elf master archer
  5501 | D        | Noticed a Tzitzimitl
  5503 | D        | Killed a deep elf master archer
  5503 | D        | Killed a Tzitzimitl
  5503 | D        | Reached skill level 23 in Armour
  5510 | D        | Reached skill level 26 in Fighting
  5526 | D        | Noticed a Hell Sentinel
  5528 | D        | Killed a Hell Sentinel
  5558 | D        | Noticed a deep elf blademaster
  5558 | D        | Noticed a tentacled monstrosity
  5559 | D        | Noticed a golden dragon
  5573 | D        | Killed a deep elf blademaster
  5576 | D        | Reached XP level 18. HP: 215/234 MP: 0/17
  5577 | D        | Killed a tentacled monstrosity
  5577 | D        | Reached skill level 24 in Armour
  5588 | D        | Noticed Louise
  5611 | D        | Killed Louise
  5632 | D        | Killed a golden dragon
  5695 | D        | Reached skill level 27 in Fighting
  5713 | D        | Noticed an Orb Guardian
  5713 | D        | Noticed an Orb Guardian
  5713 | D        | Noticed an Orb Guardian
  5713 | D        | Noticed an Orb Guardian
  5715 | D        | Noticed an Orb Guardian
  5715 | D        | Killed an Orb Guardian
  5715 | D        | Reached skill level 3 in Spellcasting
  5716 | D        | Killed an Orb Guardian
  5716 | D        | Reached skill level 5 in Spellcasting
  5718 | D        | Noticed an electric golem
  5718 | D        | Killed an Orb Guardian
  5718 | D        | Reached skill level 6 in Spellcasting
  5718 | D        | Killed an Orb Guardian
  5718 | D        | Reached skill level 7 in Spellcasting
  5720 | D        | Killed an Orb Guardian
  5720 | D        | Reached skill level 8 in Spellcasting
  5722 | D        | Noticed an Orb Guardian
  5725 | D        | Reached skill level 9 in Spellcasting
  5726 | D        | Noticed Leveuv the pandemonium lord
  5733 | D        | Killed an electric golem
  5733 | D        | Killed an Orb Guardian
  5733 | D        | Reached skill level 10 in Spellcasting
  5740 | D        | Reached skill level 11 in Spellcasting
  5743 | D        | Noticed Nikola
  5750 | D        | Killed Nikola
  5750 | D        | Reached skill level 12 in Spellcasting
  5763 | D        | Noticed an Ice Fiend
  5769 | D        | Killed Leveuv the pandemonium lord
  5769 | D        | Reached skill level 14 in Spellcasting
  5773 | D        | Killed an Ice Fiend
  5773 | D        | Reached skill level 15 in Spellcasting
  5953 | D        | Noticed an Orb Guardian
  5956 | D        | Killed an Orb Guardian
  5956 | D        | Reached skill level 16 in Shields
  5970 | D        | Noticed an Orb Guardian
  5970 | D        | Noticed an Orb Guardian
  5970 | D        | Noticed an Orb Guardian
  5975 | D        | Killed an Orb Guardian
  5976 | D        | Killed an Orb Guardian
  5978 | D        | Killed an Orb Guardian
  6006 | D        | Noticed the Serpent of Hell
  6006 | D        | Noticed Khufu
  6007 | D        | Noticed a greater mummy
  6022 | D        | Killed the Serpent of Hell
  6022 | D        | Reached skill level 25 in Armour
  6022 | D        | Reached skill level 18 in Dodging
  6022 | D        | Reached skill level 17 in Shields
  6022 | D        | Reached XP level 19. HP: 245/245 MP: 37/37
  6032 | D        | Killed Khufu
  6077 | D        | Reached skill level 18 in Shields
  6079 | D        | Reached skill level 19 in Dodging
  6086 | D        | Noticed Xtahua
  6096 | D        | Reached skill level 26 in Armour
  6096 | D        | HP: 61/245 [flayed ghost/flay_damage[Khufu] (29)]
  6097 | D        | Killed Xtahua
  6098 | D        | Killed a greater mummy
  6098 | D        | Reached skill level 19 in Shields
  6104 | D        | Reached skill level 20 in Dodging
  6106 | D        | Noticed a greater mummy
  6107 | D        | Noticed an ancient lich
  6110 | D        | Killed an ancient lich
  6110 | D        | Killed a greater mummy
  6310 | D        | Noticed Jurr the pandemonium lord
  6310 | D        | Noticed a pearl dragon
  6322 | D        | Killed Jurr the pandemonium lord
  6322 | D        | Reached skill level 20 in Shields
  6329 | D        | Killed a pearl dragon
  6329 | D        | Reached skill level 21 in Dodging
  6330 | D        | Reached skill level 27 in Armour
  6358 | D        | Noticed a Tzitzimitl
  6362 | D        | Noticed an electric golem
  6364 | D        | Killed a Tzitzimitl
  6367 | D        | Killed an electric golem
  6367 | D        | Reached skill level 21 in Shields
  6370 | D        | Reached skill level 22 in Dodging
  6377 | D        | Noticed Murray
  6377 | D        | Reached skill level 22 in Shields
  6378 | D        | Noticed a greater mummy
  6384 | D        | Reached skill level 23 in Dodging
  6391 | D        | Killed Murray
  6398 | D        | Killed a greater mummy
  6398 | D        | Reached skill level 23 in Shields
  6398 | D        | Reached XP level 20. HP: 182/256 MP: 27/38
  6399 | D        | Noticed an orb of fire
  6403 | D        | Reached skill level 24 in Dodging
  6409 | D        | Noticed an ancient lich
  6412 | D        | Noticed an ancient lich
  6412 | D        | Killed an orb of fire
  6412 | D        | Reached skill level 24 in Shields
  6415 | D        | Reached skill level 25 in Dodging
  6415 | D        | Killed an ancient lich
  6418 | D        | Noticed Mara
  6418 | D        | Killed an ancient lich
  6418 | D        | Reached skill level 25 in Shields
  6420 | D        | Killed Mara
  6420 | D        | Reached skill level 26 in Dodging
  6689 | D        | Noticed Foobred the pandemonium lord
  6696 | D        | Killed Foobred the pandemonium lord
  6696 | D        | Reached skill level 26 in Shields
  6722 | D        | Reached skill level 2 in Throwing
  6722 | D        | Reached skill level 2 in Evocations
  6740 | D        | Reached skill level 3 in Throwing
  6745 | D        | Reached skill level 4 in Throwing
  6745 | D        | Reached skill level 3 in Evocations
  6748 | D        | Noticed a curse toe
  6754 | D        | Killed a curse toe
  6754 | D        | Reached skill level 6 in Throwing
  6754 | D        | Reached skill level 27 in Dodging
  6754 | D        | Reached skill level 4 in Evocations
  6756 | D        | Noticed a pearl dragon
  6760 | D        | Reached skill level 5 in Evocations
  6761 | D        | Reached skill level 7 in Throwing
  6761 | D        | Killed a pearl dragon
  6761 | D        | Reached skill level 8 in Throwing
  6761 | D        | Reached skill level 6 in Evocations
  6761 | D        | Reached skill level 7 in Evocations
  6761 | D        | Reached skill level 9 in Throwing
  6869 | D        | Noticed Geryon
  6878 | D        | Killed Geryon
  6878 | D        | Reached skill level 10 in Throwing
  6878 | D        | Reached skill level 27 in Shields
  6878 | D        | Reached skill level 8 in Evocations
  6882 | D        | Reached skill level 9 in Evocations
  6885 | D        | Noticed Gishruob the pandemonium lord
  6895 | D        | Killed Gishruob the pandemonium lord
  6895 | D        | Reached skill level 11 in Throwing
  6895 | D        | Reached skill level 10 in Evocations
  6909 | D        | Reached skill level 12 in Throwing
  6909 | D        | Reached XP level 21. HP: 263/265 MP: 37/39
  6926 | D        | Noticed a pearl dragon
  6927 | D        | Killed a pearl dragon
  6927 | D        | Reached skill level 13 in Throwing
  6927 | D        | Reached skill level 11 in Evocations
  6969 | D        | Noticed a golden dragon
  6969 | D        | Noticed a golden dragon
  6969 | D        | Noticed a golden dragon
  6969 | D        | Noticed a golden dragon
  6969 | D        | Noticed a golden dragon
  6971 | D        | Noticed a golden dragon
  6973 | D        | Killed a golden dragon
  6973 | D        | Reached skill level 12 in Evocations
  6975 | D        | Reached skill level 14 in Throwing
  6976 | D        | Noticed a golden dragon
  6977 | D        | Killed a golden dragon
  6978 | D        | Killed a golden dragon
  6978 | D        | Reached skill level 15 in Throwing
  6978 | D        | Reached skill level 13 in Evocations
  6979 | D        | Killed a golden dragon
  6981 | D        | Killed a golden dragon
  6981 | D        | Reached skill level 16 in Throwing
  6981 | D        | Reached skill level 14 in Evocations
  6981 | D        | Noticed a golden dragon
  6981 | D        | Noticed a golden dragon
  6983 | D        | Killed a golden dragon
  6985 | D        | Reached skill level 17 in Throwing
  6986 | D        | Reached skill level 15 in Evocations
  6987 | D        | Killed a golden dragon
  6990 | D        | Killed a golden dragon
  6990 | D        | Reached skill level 18 in Throwing
  6992 | D        | Reached skill level 16 in Evocations
  6995 | D        | Reached skill level 19 in Throwing
  6998 | D        | Killed a golden dragon
  6999 | D        | Noticed a golden dragon
  7001 | D        | Reached skill level 17 in Evocations
  7002 | D        | Noticed a golden dragon
  7002 | D        | Noticed a golden dragon
  7003 | D        | Killed a golden dragon
  7003 | D        | Reached skill level 20 in Throwing
  7003 | D        | Noticed a golden dragon
  7005 | D        | Killed a golden dragon
  7006 | D        | Killed a golden dragon
  7008 | D        | Reached skill level 18 in Evocations
  7009 | D        | Noticed a golden dragon
  7010 | D        | Killed a golden dragon
  7010 | D        | Reached skill level 21 in Throwing
  7013 | D        | Killed a golden dragon
  7013 | D        | Reached skill level 2 in Conjurations
  7013 | D        | Reached skill level 1 in Charms
  7013 | D        | Reached skill level 1 in Air Magic
  7014 | D        | Reached skill level 3 in Conjurations
  7015 | D        | Reached skill level 2 in Charms
  7015 | D        | Reached skill level 2 in Air Magic
  7017 | D        | Reached skill level 4 in Conjurations
  7019 | D        | Reached skill level 3 in Charms
  7019 | D        | Reached skill level 3 in Air Magic
  7021 | D        | Reached skill level 5 in Conjurations
  7027 | D        | Reached skill level 6 in Conjurations
  7030 | D        | Reached skill level 4 in Air Magic
  7032 | D        | Reached skill level 4 in Charms
  7033 | D        | Reached skill level 7 in Conjurations
  7034 | D        | Noticed a golden dragon
  7036 | D        | Reached skill level 8 in Conjurations
  7036 | D        | Reached skill level 5 in Charms
  7036 | D        | Reached skill level 5 in Air Magic
  7036 | D        | Reached skill level 19 in Evocations
  7041 | D        | Killed a golden dragon
  7041 | D        | Reached skill level 22 in Throwing
  7041 | D        | Reached skill level 9 in Conjurations
  7045 | D        | Reached skill level 6 in Air Magic
  7046 | D        | Reached skill level 6 in Charms
  7046 | D        | Reached XP level 22. HP: 273/275 MP: 40/40
  7047 | D        | Reached skill level 16 in Spellcasting
  7047 | D        | Reached skill level 10 in Conjurations
  7054 | D        | Reached skill level 7 in Air Magic
  7055 | D        | Reached skill level 7 in Charms
  7075 | D        | Reached skill level 8 in Air Magic
  7077 | D        | Reached skill level 8 in Charms
  7155 | D        | Got a golden rune of Zot
  7176 | D        | Got the +3 cloak "Ranne" {rC+}
  7278 | D        | Reached skill level 20 in Evocations
  7281 | D        | Noticed the 27-headed Lernaean hydra
  7283 | D        | Killed the 26-headed Lernaean hydra
  7283 | D        | Reached skill level 23 in Throwing
  7283 | D        | Reached skill level 9 in Charms
  7283 | D        | Reached skill level 9 in Air Magic
  7299 | D        | Noticed Ewieruc the pandemonium lord
  7301 | D        | Killed Ewieruc the pandemonium lord
  7303 | D        | Reached skill level 17 in Spellcasting
  7321 | D        | Noticed Ereshkigal
  7329 | D        | Killed Ereshkigal
  7329 | D        | Reached skill level 10 in Charms
  7329 | D        | Reached skill level 10 in Air Magic
  7413 | D        | Noticed a greater mummy
  7426 | D        | Killed a greater mummy
  7589 | D        | Noticed Sasmuyjysm the pandemonium lord
  7594 | D        | Killed Sasmuyjysm the pandemonium lord
  7594 | D        | Reached skill level 11 in Air Magic
  7613 | D        | Reached skill level 11 in Charms
  7615 | D        | Reached skill level 24 in Throwing
  7619 | D        | Reached skill level 21 in Evocations
  7640 | D        | Noticed Frederick
  7646 | D        | Killed Frederick
  7649 | D        | Noticed Dispater
  7649 | D        | Noticed a pearl dragon
  7655 | D        | Killed a pearl dragon
  7657 | D        | Reached skill level 12 in Air Magic
  7670 | D        | Killed Dispater
  7670 | D        | Reached skill level 18 in Spellcasting
  7670 | D        | Reached skill level 12 in Charms
  7730 | D        | Noticed a greater mummy
  7735 | D        | Killed a greater mummy
  7758 | D        | Noticed Antaeus
  7778 | D        | Killed Antaeus
  7778 | D        | Reached skill level 25 in Throwing
  7778 | D        | Reached skill level 13 in Charms
  7778 | D        | Reached skill level 13 in Air Magic
  7778 | D        | Reached skill level 22 in Evocations
  7944 | D        | Reached XP level 23. HP: 284/284 MP: 44/44
  7999 | D        | Reached skill level 14 in Air Magic
  8015 | D        | Reached skill level 19 in Spellcasting
  8015 | D        | Reached skill level 14 in Charms
  8173 | D        | Got an iron rune of Zot
  8341 | D        | Got the Orb of Zot
  8410 | D        | Escaped with the Orb!

Vault maps used:
D:        pitsprint

Skill      XL: |  1  2  3  4  5  6  7  8  9 10 11 12 13 14 15 16 17 18 19 20 21 22 23 |
---------------+----------------------------------------------------------------------+-----
Fighting       | 3 5 7 9 10 11 13 14 15 17 18 20 23 26 27 | 27.0
Dodging        | 3 5 7 9 10 11 13 14 15 16 17 18 23 27 | 27.0
Unarmed Combat | 6 8 9 10 12 13 15 17 18 19 21 24 26 27 | 27.0
Armour         | 2 7 10 13 16 20 23 25 27 | 27.0
Shields        | 2 7 10 13 15 17 23 27 | 27.0
Spellcasting   | 15 18 19 | 19.1
Throwing       | 12 22 25 | 25.8
Evocations     | 10 19 22 | 22.5
Conjurations   | 9 10 | 10.9
Charms         | 6 13 14 | 14.2
Air Magic      | 6 13 14 | 14.3
Stealth        | |  1.0

Action                   |  1- 3 |  4- 6 |  7- 9 | 10-12 | 13-15 | 16-18 | 19-21 | 22-24 || total
-------------------------+-------+-------+-------+-------+-------+-------+-------+-------++-------
Melee: Unarmed           |    14 |    29 |    55 |   250 |   483 |   554 |   479 |   279 ||  2143
       Punch             |     1 |       |     3 |    25 |     4 |       |       |       ||    33
Invok: Serpent's Lash    |       |       |     2 |     3 |     8 |     6 |     5 |     6 ||    30
       Heaven On Earth   |       |       |     1 |     1 |     2 |       |     2 |       ||     6
  Use: Potion            |       |     1 |     6 |     2 |     9 |     1 |     7 |     1 ||    27
       Scroll            |       |       |       |       |     8 |     3 |     1 |       ||    12
 Stab: Sleeping          |     1 |     1 |       |       |       |       |       |       ||     2
       Distracted        |       |       |       |     1 |     3 |       |       |       ||     4
  Eat: Chunk             |       |     3 |     8 |    15 |    18 |    16 |    10 |    10 ||    80
       Royal jelly       |       |       |       |       |       |       |     1 |       ||     1
       Bread ration      |       |       |       |       |       |       |       |     1 ||     1
Armor: Robe              |     4 |     9 |     5 |     7 |       |       |       |       ||    25
       Troll leather arm |       |       |       |     5 |     4 |       |       |       ||     9
       Gold dragon scale |       |       |       |       |    94 |    88 |    50 |    56 ||   288
Dodge: Dodged            |     4 |     9 |    19 |    66 |    40 |    75 |    57 |    62 ||   332
Block: Large shield      |       |       |       |       |   187 |   180 |   123 |   106 ||   596
       Reflection        |       |       |       |       |       |     5 |     4 |     8 ||    17

Vault maps used:
D:        pitsprint

Table legend:
 A = Turns spent in this place as a percentage of turns spent in the entire game.
 B = Non-inter-level travel turns spent in this place as a percentage of non-inter-level travel turns spent in the entire game.
 C = Inter-level travel turns spent in this place as a percentage of turns spent in this place.
 D = Turns resting spent in this place as a percentage of non-inter-level travel turns spent in this place.
 E = Turns spent auto-exploring this place as a percentage of non-inter-level travel turns spent in this place.
 F = Non-inter-level travel turns spent in this place divided by the number of levels of this place that you've seen.
                   A       B       C       D       E      F
               +-------+-------+-------+-------+-------+----------------------
         Total | 100.0 | 100.0 |   0.3 |   4.3 |   0.1 | 4895.0
       Dungeon | 100.0 | 100.0 |   0.3 |   4.3 |   0.1 | 4895.0
               +-------+-------+-------+-------+-------+----------------------

Table legend:
 A = Kills in this place as a percentage of kills in entire the game.
 B = Kills by you in this place as a percentage of kills by you in the entire game.
 C = Kills by friends in this place as a percentage of kills by friends in the entire game.
 D = Other kills in this place as a percentage of other kills in the entire game.
 E = Experience gained in this place as a percentage of experience gained in the entire game.
 F = Experience gained in this place divided by the number of levels of this place that you have seen.
                   A       B       C       D       E      F
               +-------+-------+-------+-------+-------+----------------------
         Total | 100.0 | 100.0 |  -nan | 100.0 | 100.0 | 862426.0
       Dungeon | 100.0 | 100.0 |  -nan | 100.0 | 100.0 | 862426.0
               +-------+-------+-------+-------+-------+----------------------
